Map: King's Cove LE

Players

Rex - Winner!

  • Race: Zerg Zerg
  • League: Master
  • Spawn Location: 11:00

GogojOey

  • Race: Zerg Zerg
  • Spawn Location: 5:00

Event: 2019 WCS Winter Americas

VOD

Have the link to the VOD?

Description

Time

  • Played on: Feb. 3, 2019, 1:30 p.m.
  • Length: 7:32

All games in this series

Show
View Real Time Build Order
Export as new Build Order

Rex Zerg - Winner!

Build Orders: Hatch First 

Get SALT Encoding   

  12  0:00  Drone  
  13  0:13  Overlord  
  13  0:21  Drone  
  14  0:31  Drone  
  14  0:32  Drone  
  16  0:50  Hatchery  
  16  0:53  Drone  
  16  0:56  Drone  
  17  0:59  Drone  
  18  1:10  Extractor  
  17  1:16  Spawning Pool  
  16  1:18  Drone  
  16  1:22  Drone  
  18  1:28  Drone  
  19  1:40  Overlord  
  19  1:51  Drone  
  20  2:02  Queen  
  20  2:03  Queen  
  20  2:06  Zergling x4  
  26  2:11  Metabolic Boost  
  26  2:13  Drone  
  27  2:17  Drone  
  27  2:22  Drone  
  29  2:32  Drone  
  30  2:43  Hatchery  
  29  2:47  Zergling x4  
  31  2:53  Overlord  
  31  2:58  Zergling x4  
  33  3:03  Zergling x2  
  34  3:06  Zergling x2  
  34  3:10  Zergling x2  
  34  3:12  Zergling x8  
  40  3:15  Zergling x2  
  40  3:16  Zergling x2  
  40  3:19  Zergling x2  
  43  3:22  Zergling x2  
  44  3:32  Overlord  
  44  3:33  Overlord  
  44  3:49  Roach Warren  
  44  3:55  Zergling x4  
  45  4:00  Zergling x4  
  45  4:02  Zergling x4  
  42  4:08  Zergling x2  
  39  4:11  Zergling x2  
  39  4:16  Zergling x2  
  41  4:21  Zergling x2  
  41  4:22  Zergling x2  
  40  4:27  Drone x3  
  40  4:30  Drone  
  43  4:38  Drone x2  
  44  4:45  Roach  
  45  4:46  Roach  
  45  4:51  Hatchery  
  45  4:52  Roach  
  48  4:54  Roach  
  48  4:58  Roach  
  51  5:02  Roach  
  51  5:04  Roach  
  55  5:12  Overlord  
  55  5:13  Roach  
  57  5:16  Roach  
  59  5:21  Overlord  
  59  5:31  Extractor, Drone x4  
  59  5:32  Drone  
  62  5:37  Drone x2  
  64  5:45  Hatchery  
  64  5:47  Overlord  
  64  5:51  Roach  
  64  5:54  Roach  
  64  5:56  Roach  
  70  5:58  Roach  
  70  6:02  Roach  
  74  6:05  Roach  
  74  6:08  Roach  
  77  6:12  Roach  
  77  6:17  Roach x2  
  81  6:23  Roach  
  83  6:29  Roach  
  83  6:30  Roach  
  83  6:32  Roach  
  83  6:37  Roach  
  83  6:39  Roach  
  82  6:40  Zergling x4  
  82  6:43  Zergling x2  
  82  6:45  Overlord  
  84  6:51  Overlord  
  84  7:00  Zergling x8  
  88  7:05  Zergling x6  
  91  7:11  Zergling x2  
  91  7:14  Zergling x2  
  91  7:15  Zergling x2  
  91  7:22  Ravager  
  91  7:23  Ravager  
  91  7:24  Ravager  
Show
View Real Time Build Order
Export as new Build Order

GogojOey Zerg 

Build Orders: Hatch First 

Get SALT Encoding   

  12  0:00  Drone  
  13  0:13  Overlord  
  13  0:18  Drone  
  14  0:31  Drone x2  
  16  0:50  Hatchery  
  16  0:53  Drone  
  16  0:56  Drone  
  17  1:00  Drone  
  18  1:10  Extractor  
  17  1:16  Spawning Pool  
  16  1:19  Drone  
  16  1:22  Drone  
  18  1:29  Drone  
  19  1:39  Drone  
  20  1:49  Overlord  
  20  2:01  Drone  
  21  2:02  Queen x2, Drone  
  26  2:11  Metabolic Boost  
  26  2:13  Drone  
  26  2:15  Drone  
  28  2:23  Drone  
  28  2:24  Drone  
  30  2:32  Zergling x2  
  30  2:34  Zergling x2  
  32  2:39  Queen  
  34  2:54  Overlord, Hatchery  
  34  2:57  Zergling x2  
  33  3:13  Zergling x12  
  33  3:17  Zergling x4  
  41  3:21  Zergling x4  
  43  3:29  Roach Warren  
  42  3:39  Overlord x2  
  42  3:56  Overlord  
  39  4:09  Roach x6  
  42  4:14  Roach x2  
  42  4:21  Roach  
  40  4:33  Zergling x6  
  43  4:38  Drone  
  43  4:40  Zergling x2  
  43  4:43  Drone  
  45  4:46  Zergling x2  
  45  4:51  Zergling x2  
  45  4:52  Zergling x2  
  48  4:56  Zergling x2  
  49  5:02  Drone  
  49  5:06  Baneling Nest  
  49  5:10  Drone x2  
  51  5:16  Drone  
  51  5:19  Drone  
  53  5:26  Drone  
  54  5:30  Overlord  
  54  5:36  Overlord  
  54  5:39  Zergling x2  
  52  5:50  Zergling x2  
  52  5:51  Zergling x2  
  54  5:58  Baneling  
  54  5:59  Baneling x7  
  54  6:00  Zergling x4  
  54  6:01  Queen x2  
  60  6:08  Zergling x2  
  60  6:11  Zergling x2  
  61  6:19  Zergling x2  
  61  6:23  Zergling x2  
  63  6:31  Zergling x2  
  63  6:32  Zergling x2  
  55  6:42  Drone x2  
  56  6:51  Drone  
  56  6:53  Roach  
  57  6:55  Hatchery  
  57  6:58  Extractor  
  57  6:59  Extractor  
  54  7:03  Roach  
  54  7:05  Roach  
  58  7:11  Drone  
  58  7:14  Drone x6  
  60  7:18  Evolution Chamber  
Tags
 
Add a new tag
Caveats
  • Supply blocks, unpowered buildings, or Contaminate may cause inaccurate times.
  • Supply counts are checked every 10 seconds.